 Dungeon Crawl Stone Soup version 0.28-a0-1429-gf3d713df7a (webtiles) character file.

Game seed: 16875710211500006618

25 bande the Covered (level 3, -4/24 HPs)
             Began as a Gargoyle Fighter on Jan 8, 2022.
             Killed from afar by a white imp (8 damage)
             ... with a puff of frost
             ... on level 3 of the Dungeon.
             The game lasted 00:02:23 (2539 turns).

bande the Covered (Gargoyle Fighter)                Turns: 2539, Time: 00:02:25

Health: -4/24      AC: 10    Str: 19    XL:     3   Next: 4%
Magic:  3/3        EV:  9    Int:  8    God:
Gold:   60         SH:  4    Dex: 11    Spells: 2/2 levels left

rFire   . . .      SeeInvis .   a - +0 war axe
rCold   . . .      Faith    .   c - +0 buckler
rNeg    + . .      Spirit   .   b - +0 scale mail
rPois   ∞          Reflect  .   (no helmet)
rElec   +          Harm     .   (no cloak)
rCorr   .          Rampage  .   (no gloves)
Will    +....                   (no boots)
Stlth   ..........              (no amulet)
HPRegen 0.08/turn               h - ring of willpower
MPRegen 0.08/turn               (no ring)

@: no status effects
A: sickness immunity, AC +3, negative energy resistance 1, electricity
resistance, torment resistance 1, petrification resistance
a: no special abilities


You were on level 3 of the Dungeon.
You visited 1 branch of the dungeon, and saw 3 of its levels.

You collected 60 gold pieces.

Inventory:

Hand Weapons
 a - a +0 war axe (weapon)
 j - a +2 hunting sling of flaming
Armour
 b - a +0 scale mail (worn)
 c - a +0 buckler (worn)
Jewellery
 h - a ring of willpower (left hand)
Scrolls
 e - 3 scrolls of enchant weapon {unknown}
 f - a scroll of identify
 g - a scroll of amnesia {unknown}
 k - a scroll of teleportation
 l - a scroll of magic mapping {unknown}
 n - a scroll of summoning {unknown}
Potions
 d - a potion of might
 i - 2 potions of brilliance
 m - 2 potions of ambrosia {unknown}


   Skills:
 + Level 3.7 Fighting
 + Level 2.0 Axes
 + Level 3.8 Armour
 + Level 3.4 Shields


You had 2 spell levels left.
You didn't know any spells.
Your spell library was empty.

Dungeon Overview and Level Annotations

Branches:
Dungeon (3/15)

Altars:
Qazlal
The Shining One

Shops:
D:2 *


Innate Abilities, Weirdness & Mutations

You are immune to sickness and miasma.
Your stone body is resilient. (AC +3)
You are immune to poison.
You resist negative energy. (rN+)
You are resistant to electric shocks. (rElec)
You are resistant to unholy torment.
You are immune to petrification.


Message History

HP restored.
As you open the door, it creaks loudly!
Found a stone staircase leading up.
There is an open door here.
A frilled lizard comes into view.
The frilled lizard hisses angrily.
You closely miss the frilled lizard. The frilled lizard closely misses you.
You slash the frilled lizard!
You kill the frilled lizard!
No target in view!
No target in view!
No target in view!
There is a stone staircase leading up here.
m - 2 emerald potions (gained 1) As you open the door, it creaks loudly!
There is an open door here.
There is an open door here.
A white imp comes into view.
The white imp shouts!
A white imp is nearby!
The white imp gestures at you. The puff of frost hits you!
You barely miss the white imp.
An endoplasm comes into view.
The white imp hits you but does no damage.
The endoplasm quivers.
You hit the white imp.
The white imp is heavily wounded.
The white imp hits you but does no damage. x2
You closely miss the white imp.
The white imp is heavily wounded.
The white imp hits you but does no damage.
You barely miss the white imp.
The white imp is heavily wounded.
The white imp gestures at you. The puff of frost hits you!
* * * LOW HITPOINT WARNING * * *
The white imp gestures at you. The puff of frost hits you!
You die...

... #.# #.# ... #.#
######## #J# #......#
#5########### #.####.#
#@#.........#
#.####.####.#.#######.#
#.##........#.#######.#
#.##.#................#
#.##.#..#.....<...###.#
#########.##.....##.###.###
..........###.#..##.......#
#...#...#......†.######.#.#
..........###.#.........#.#


You could see a white imp and an endoplasm.

Vanquished Creatures
  An endoplasm (D:2)
  A giant cockroach (D:1)
  5 hobgoblins
  2 quokkas
  4 ball pythons
  4 bats
  4 frilled lizards
  2 kobolds (D:2)
  2 rats (D:2)
25 creatures vanquished.

Notes
Turn   | Place    | Note
-------+----------+-------------------------------------------
     0 | D:1      | bande the Gargoyle Fighter began the quest for the Orb.
     0 | D:1      | Reached XP level 1. HP: 14/14 MP: 1/1
  1028 | D:1      | Reached XP level 2. HP: 19/19 MP: 2/2
  1685 | D:2      | Found Wifiboa's General Store.
  1833 | D:2      | Found a stormy altar of Qazlal.
  1980 | D:2      | Reached XP level 3. HP: 24/24 MP: 3/3
  2369 | D:3      | Found a glowing golden altar of the Shining One.
  2539 | D:3      | Killed from afar by a white imp

Illustrated notes

Levels and vault maps discovered:
D:1:      dpeg_arrival_rooms_a, layout_loops_corners
D:2:      layout_basic, serial_shops, shop, basic_altar, hex_intersection
D:3:      layout_loops_corners, kennysheep_okawaru_gauntlet,
          lemuel_crystal_altar, cheibriados_altar_1,
          lemuel_coloured_pillars_altar, nicolae_tso_carved_into_rock

Skill      XL: |  1  2 |
---------------+-------+-----
Axes           | 2 |  2.0
Fighting       | |  3.7
Armour         | |  3.8
Shields        | |  3.4

Action                   || total
-------------------------++-------
Melee: War axe           ||    82
  Use: Scroll            ||     3
Armor: Scale mail        ||    70
Dodge: Dodged            ||    50
Block: Buckler           ||    18

Table legend: (Time is in decaauts)
 A = Elapsed time spent in this place.
 B = Non-inter-level travel time spent in this place.
 C = Inter-level travel time spent in this place.
 D = Time resting spent in this place.
 E = Time spent auto-exploring this place.
 F = Levels seen in this place.
 G = Mean time per level.
                   A        B        C        D        E       F      G
               +--------+--------+--------+--------+--------+-----+--------+
         Total |   2573 |   2522 |     51 |    712 |   1559 |   3 |  857.7 |
       Dungeon |   2573 |   2522 |     51 |    712 |   1559 |   3 |  857.7 |
               +--------+--------+--------+--------+--------+-----+--------+

Top non-repeatable levels by time:
     D:1: 1370 daAuts
     D:2: 982 daAuts
     D:3: 221 daAuts
